 Dungeon Crawl Stone Soup version 0.26-a0-30-g56b8cd3df0 (webtiles) character file.

Game seed: 17402326482888530899, levelgen mode: deterministic

110 vurker the Conjurer (level 4, 0/25 HPs)
             Began as a Deep Elf Conjurer on May 30, 2020.
             Succumbed to an adder's poison
             ... on level 2 of the Dungeon.
             The game lasted 00:01:46 (1732 turns).

vurker the Conjurer (Deep Elf Conjurer)             Turns: 1732, Time: 00:01:46

Health: 0/25       AC:  2    Str:  5    XL:     4   Next: 61%
Magic:  1/12       EV: 13    Int: 21    God:
Gold:   42         SH:  0    Dex: 15    Spells: 11/12 levels left

rFire    . . .     SeeInvis .   i - +0 dagger
rCold    . . .     Gourm    .   (no shield)
rNeg     . . .     Faith    .   j - +0 robe (curse)
rPois    .         Spirit   .   (no helmet)
rElec    .         Reflect  .   (no cloak)
rCorr    .         Harm     .   (no gloves)
MR       .....                  (no boots)
Stlth    ++........             (no amulet)
HPRegen  0.08/turn              (no ring)
MPRegen  0.13/turn              (no ring)

@: lethally poisoned (0 -> -10), berserk cooldown, hasted and slowed
A: no striking features
a: no special abilities


You were on level 2 of the Dungeon.
You were not hungry.

You visited 1 branch of the dungeon, and saw 2 of its levels.

You collected 42 gold pieces.

Inventory:

Hand Weapons
 i - a +0 dagger (weapon)
   (You took it off a goblin on level 1 of the Dungeon)
Armour
 j - a cursed +0 robe (worn)
   (You found it on level 1 of the Dungeon)
Scrolls
 b - a scroll of remove curse {unknown}
 c - a scroll of enchant weapon {unknown}
 d - a scroll of enchant armour {unknown}
 f - 3 scrolls of identify {unknown}
 l - a scroll of amnesia {unknown}
Potions
 a - a potion of lignification {unknown}
 h - a potion of might {unknown}
Comestibles
 e - 2 rations
 m - 3 chunks of flesh


   Skills:
 + Level 1.3 Fighting
 - Level 2.4 Dodging
 - Level 2.4 Stealth
 * Level 4.8 Spellcasting
 * Level 5.4 Conjurations


You had 11 spell levels left.
You knew the following spells:

 Your Spells              Type           Power        Failure   Level  Hunger
a - Magic Dart            Conj           ####         1%          1    None

Your spell library contained the following spells:

 Spells                   Type           Power        Failure   Level  Hunger
 Searing Ray              Conj           ####..       1%          2    None
 Dazzling Flash           Conj/Hex       ###...       11%         3    ##.....
 Fulminant Prism          Conj/Hex       ###.......   34%         4    ####...
 Iskenderun's Mystic Bla  Conj/Tloc      ###.....     34%         4    ####...


Dungeon Overview and Level Annotations

Branches:
Dungeon (2/15)

Altars:


Message History

You kill the hobgoblin!
The adder bites you.
You hit the adder. The adder bites you.
You are poisoned.
The adder poisons you!
You closely miss the adder.
You feel sick. The adder barely misses you.
Aim: an adder (lightly wounded)
The magic dart hits the adder.
The adder bites you.
* * * LOW HITPOINT WARNING * * *
You are lethally poisoned!
The adder poisons you! The adder closely misses you.
You don't have enough magic to cast that spell.
It was a potion of berserk rage.
A red film seems to cover your vision as you go berserk!
You feel yourself moving faster!
You feel mighty!
You feel sick. The adder bites you.
* * * LOW HITPOINT WARNING * * *
Unknown command.
You hit the adder. The adder closely misses you.
You barely miss the adder.
You feel sick. The adder closely misses you.
You barely miss the adder. You closely miss the adder.
You feel sick. The adder bites you.
* * * LOW HITPOINT WARNING * * *
A goblin comes into view. It is wielding a +0 club.
You closely miss the adder.
The goblin shouts!
The adder closely misses you.
You closely miss the adder.
You feel sick. The adder bites you.
* * * LOW HITPOINT WARNING * * *
You are more poisoned.
The adder poisons you!
You are too berserk!
You hit the adder.
You kill the adder!
Some of the chunks of flesh in your inventory have rotted away.
You puncture the goblin!
You kill the goblin!
* * * LOW HITPOINT WARNING * * *
You feel sick.
* * * LOW HITPOINT WARNING * * *
You feel sick.
You feel a strong urge to attack something.
You are too berserk!
You are no longer berserk.
You are exhausted.
You feel yourself slow down.
* * * LOW HITPOINT WARNING * * *
You feel sick.
It was a potion of haste.
You feel yourself speed up.
You die...

..## #..... ..#
#....[ #.# #..###
#.##########..# #
#...........#.###
##..........###.##
#..#########.#.##
##..###### ##.##
##)@....... #÷####
##..#######.
#..... ..##§##†.##
#..### #.....).##
#..# ###..#### #.#
#..# #) #.# #..###
.. #.####..##. #.
#.......... .
#..###....#


There were no monsters in sight!

Vanquished Creatures
  5 adders (D:2)
  2 worms (D:2)
  A dart slug (D:2)
  4 leopard geckos
  2 bats
  A giant cockroach (D:2)
  8 goblins
  8 hobgoblins
  3 jackals (D:2)
  6 frilled lizards
  6 kobolds
  9 rats
55 creatures vanquished.

Vanquished Creatures (others)
  4 toadstools (D:1)
4 creatures vanquished.

Grand Total: 59 creatures vanquished

Notes
Turn   | Place    | Note
-------+----------+-------------------------------------------
     0 | D:1      | vurker the Deep Elf Conjurer began the quest for the Orb.
     0 | D:1      | Reached XP level 1. HP: 10/10 MP: 6/6
   178 | D:1      | Reached XP level 2. HP: 15/15 MP: 4/8
   580 | D:1      | Reached XP level 3. HP: 20/20 MP: 5/10
   874 | D:2      | Reached skill level 5 in Conjurations
  1237 | D:2      | Reached skill level 1 in Fighting
  1490 | D:2      | Reached XP level 4. HP: 25/25 MP: 6/12
  1731 | D:2      | HP: 1/25 [poisoned by an adder]
  1732 | D:2      | Succumbed to an adder's poison

Illustrated notes

Levels and vault maps discovered:
D:1:      ldierk_walled_garden_2, layout_rooms
D:2:      layout_loops_ring, gammafunk_temple_overflow_claw,
          chequers_ecumenical_altar_simple_redux

Skill      XL: |  1  2  3 |
---------------+----------+-----
Spellcasting   | 4 |  4.8
Conjurations   | 5 |  5.4
Fighting       | 1 |  1.3
Dodging        | |  2.4
Stealth        | |  2.4

Action                   |  1- 3 |  4- 6 || total
-------------------------+-------+-------++-------
Melee: Dagger            |       |    16 ||    16
 Cast: Magic Dart        |    80 |    26 ||   106
  Use: Potion            |       |     2 ||     2
  Eat: Chunk             |     2 |       ||     2
Armor: Robe              |     2 |     1 ||     3
Dodge: Dodged            |     4 |    12 ||    16

Table legend:
 A = Non-vault XP
 B = Vault XP
 C = Vault XP percentage of total XP
 D = Non-vault monster count
 E = Vault monster count
 F = Vault count percentage of total count
                 A         B        C        D         E       F
            +---------+---------+-------+---------+---------+-------
      Total |     158 |       0 |   0.0 |      55 |       0 |   0.0
            +---------+---------+-------+---------+---------+-------
        D:1 |      43 |       0 |   0.0 |      27 |       0 |   0.0
        D:2 |     115 |       0 |   0.0 |      28 |       0 |   0.0
            +---------+---------+-------+---------+---------+-------
